 Dungeon Crawl Stone Soup version 0.29-a0-721-g7f417c9bbb (webtiles) character file.

Game seed: 12030494201235051931

2 blackman the Sneak (level 1, 0/27 HPs)
             Began as a Human Delver on June 28, 2022.
             Slain by an ufetubus (1 damage)
             ... on level 6 of the Dungeon.
             The game lasted 00:02:13 (513 turns).

blackman the Sneak (Human Delver)                    Turns: 513, Time: 00:02:14

Health: 0/27       AC: 20    Str: 12    XL:     1   Next: 33%
Magic:  1/1        EV:  2    Int: 10    God:
Gold:   22         SH:  0    Dex: 14    Spells: 0/0 levels left

rFire   . . .      SeeInvis .   a - +0 hand axe
rCold   . . .      Faith    .   (no shield)
rNeg    . . .      Spirit   .   (body armour currently unavailable)
rPois   +          Reflect  .   (helmet currently unavailable)
rElec   .          Harm     .   (cloak currently unavailable)
rCorr   .          Rampage  .   (gloves currently unavailable)
Will    .....      NoTele   +   (boots currently unavailable)
Stlth   +++.......              (no amulet)
HPRegen 0.09/turn               (no ring)
MPRegen 0.07/turn               (no ring)

@: tree-form, hasted, very quick
A: stationary, stasis, torment immunity, boosted hp
a: no special abilities


You were on level 6 of the Dungeon.
You were a tree.
You visited 1 branch of the dungeon, and saw 2 of its levels.

You collected 22 gold pieces.

Inventory:

Hand Weapons
 a - a +0 hand axe (weapon)
Armour
 b - a +0 leather armour (melded)
Wands
 g - a wand of digging (3)
Scrolls
 c - a scroll of fog
 d - a scroll of magic mapping


   Skills:
 - Level 3.0 Fighting
 + Level 2.2 Axes
 - Level 2.0 Dodging
 - Level 5.0 Stealth


You couldn't memorise any spells.
You didn't know any spells.
Your spell library was empty.

Dungeon Overview and Level Annotations

Branches:
Dungeon (6/15)
 Temple: D:4-7

Altars:


Message History

An iguana is nearby!
You climb downwards.
The centaur shouts!
The ufetubus shouts!
You hear an angry hiss. x2
The ufetubus hits you.
* * * LOW HITPOINT WARNING * * *
The ufetubus hits you.
* * * LOW HITPOINT WARNING * * *
Found a short sword and 11 gold pieces.
There is a stone staircase leading up here.
You feel yourself speed up.
The ufetubus hits you but does no damage.
The ufetubus misses you.
The centaur hits you but does no damage.
The centaur kicks you.
* * * LOW HITPOINT WARNING * * *
The centaur misses you. x2; The ufetubus hits you.
* * * LOW HITPOINT WARNING * * *
The ufetubus barely misses you.
Okay, then.
It was a potion of lignification.
You turn into a tree.
Your +0 leather armour melds into your body.
Your roots penetrate the ground.
The centaur hits you but does no damage.
The centaur kicks you.
* * * LOW HITPOINT WARNING * * *
The ufetubus barely misses you.
The ufetubus hits you but does no damage.
A water moccasin comes into view.
As you read the scroll labelled ZASIAL QYK COANK, it crumbles to dust.
You feel a surge of unholy energy.
The centaur convulses!
The water moccasin convulses!
It was a scroll of torment.
The ufetubus completely misses you.
The ufetubus hits you but does no damage.
The centaur hits you but does no damage.
The centaur kicks you but does no damage.
This is a scroll of acquirement!
Something appears at your feet!
The ufetubus hits you but does no damage.
The ufetubus hits you.
You die...

###. #..o
#<# #### #.#
... #.# ).
... #S #..
###5###.##
#..#
#...♣c...#
#..#
#.#.###....#
#..# #. ###
#. $. #. #.
..


You could see a water moccasin, a centaur and an ufetubus.

Vanquished Creatures
  An orc (D:5)
1 creature vanquished.

Notes
Turn   | Place    | Note
-------+----------+-------------------------------------------
     0 | D:5      | blackman the Human Delver began the quest for the Orb.
     0 | D:5      | Reached XP level 1. HP: 18/18 MP: 1/1
    28 | D:5      | Noticed a scorpion
    48 | D:5      | Noticed a hound
    82 | D:5      | Noticed an iguana
   509 | D:6      | Noticed a centaur
   511 | D:6      | HP: 1/27 [centaur (1)]
   511 | D:6      | Noticed a water moccasin
   513 | D:6      | Identified a scroll of acquirement
   513 | D:6      | Acquired a +2 buckler of poison resistance
   513 | D:6      | Slain by an ufetubus

Illustrated notes

Levels and vault maps discovered:
D:5:      layout_loops_ring, chequers_arboretum
D:6:      layout_loops_ring, nzn_hepliaklqana_mist_gate, amcnicky_altar_gilded

Action                   || total
-------------------------++-------
Melee: Hand axe          ||     5
  Use: Scroll            ||     3
       Potion            ||     2
Armor: Skin              ||     6
       Leather armour    ||     2
Dodge: Dodged            ||     8

Table legend: (Time is in decaauts)
 A = Elapsed time spent in this place.
 B = Non-inter-level travel time spent in this place.
 C = Inter-level travel time spent in this place.
 D = Time resting spent in this place.
 E = Time spent auto-exploring this place.
 F = Levels seen in this place.
 G = Mean time per level.
                   A        B        C        D        E       F      G
               +--------+--------+--------+--------+--------+-----+--------+
         Total |    513 |    513 |      0 |    205 |      0 |   2 |  256.5 |
       Dungeon |    513 |    513 |      0 |    205 |      0 |   2 |  256.5 |
               +--------+--------+--------+--------+--------+-----+--------+

Top non-repeatable levels by time:
     D:5: 508 daAuts
     D:6: 4 daAuts
